 Dungeon Crawl Stone Soup version 0.25.1-2-g60ff931df9 (webtiles) character file.

Game seed: 18373115833154889261

85920 Drachen the Blocker (level 15, -2/118 HPs)
             Began as a Demigod Gladiator on Oct 20, 2020.
             Slain by a water elemental (9 damage)
             ... on level 3 of the Lair of Beasts.
             The game lasted 01:45:52 (27370 turns).

Drachen the Blocker (Demigod Gladiator)            Turns: 27370, Time: 01:45:52

Health: -2/118     AC: 18    Str: 25    XL:     15   Next: 0%
Magic:  22/22      EV: 18    Int: 11    God:
Gold:   761        SH: 35    Dex: 40    Spells: 12/18 levels left

rFire    . . .     SeeInvis .   X - +11 war axe of Cixtec {protect, rElec Int-3 Stlth+}
rCold    . . .     Gourm    .   T - +18 shield of the Gong {rElec rN+ MR+ EV-5}
rNeg     + . .     Faith    .   x - +6 scale mail "Jarua" {-Tele rElec rCorr Dex+7}
rPois    .         Spirit   .   c - +1 helmet
rElec    +         Reflect  .   R - scarf {repulsion}
rCorr    +         Harm     .   (no gloves)
MR       ++++.     NoTele   +   y - +1 pair of boots "Wacugh" {+Blink MR+ Int+2 Dex+6}
Stlth    +++.......             k - amulet of regeneration
HPRegen  0.69/turn              J - ring of protection from magic
MPRegen  0.18/turn              S - +6 ring of dexterity

@: engulfed (cannot breathe), berserk cooldown, very slightly contaminated,
hasted and slowed, repel missiles
A: high mp 1, strong 1, MP-powered wands
a: Evoke Blink


You were on level 3 of the Lair of Beasts.
You were not hungry.

You visited 4 branches of the dungeon, and saw 21 of its levels.
You also visited: Ice Cave.

You collected 2507 gold pieces.
You spent 1746 gold pieces at shops.

Inventory:

Hand Weapons
 A - a +3 scimitar of flaming
 K - a +2 falchion of holy wrath
 X - the +11 war axe of Cixtec (weapon) {protect, rElec Int-3 Stlth+}
   (You found it on level 2 of the Lair of Beasts)

   It grants its wielder temporary protection when it strikes (+7 to AC).
   It affects your intelligence (-3).
   It insulates you from electricity.
   It makes you more stealthy.
Missiles
 d - 4 throwing nets
 e - a boomerang of dispersal
 H - 3 silver javelins (quivered)
 P - 37 poisoned darts
Armour
 c - a +1 helmet (worn)
 r - a +3 leather armour of poison resistance
 x - the +6 scale mail "Jarua" (worn) {-Tele rElec rCorr Dex+7}
   (You found it on level 4 of the Lair of Beasts)

   It affects your dexterity (+7).
   It insulates you from electricity.
   It prevents most forms of teleportation.
   It provides partial protection from all sources of acid and corrosion.
 y - the +1 pair of boots "Wacugh" (worn) {+Blink MR+ Int+2 Dex+6}
   (You bought it in a shop on level 2 of the Orcish Mines)

   It affects your intelligence (+2).
   It affects your dexterity (+6).
   It affects your resistance to hostile enchantments.
   It lets you blink.
 R - a scarf of repulsion (worn)
 T - the +18 shield of the Gong (worn) {rElec rN+ MR+ EV-5}
   (You found it on level 12 of the Dungeon)

   It affects your evasion (-5).
   It insulates you from electricity.
   It protects you from negative energy.
   It affects your resistance to hostile enchantments.
Jewellery
 g - an uncursed ring of protection from cold
 k - an amulet of regeneration (around neck)
 p - an uncursed ring of fire
 w - an uncursed ring of magical power
 J - a ring of protection from magic (left hand)
 S - a +6 ring of dexterity (right hand)
Wands
 a - a wand of random effects (13)
 E - a wand of paralysis (5)
 I - a wand of disintegration (11)
 M - a wand of acid (11)
 U - a wand of polymorph (6)
 W - a wand of iceblast (25)
Scrolls
 i - 4 scrolls of magic mapping
 l - 14 scrolls of identify
 m - 6 scrolls of immolation
 t - 10 scrolls of remove curse
 B - a scroll of fog
 C - 7 scrolls of teleportation
 D - 3 scrolls of blinking
Potions
 b - 6 potions of curing
 h - a potion of magic
 j - 3 potions of brilliance
 o - 3 potions of flight
 s - a potion of stabbing
 u - 3 potions of resistance
 F - a potion of lignification
 O - 3 potions of mutation
 V - a potion of haste
 Z - 3 potions of might
Miscellaneous
 n - a lightning rod (4/4)
 L - a phantom mirror
Comestibles
 f - 39 rations


   Skills:
 - Level 7.0 Fighting
   Level 6.0(10.7) Short Blades
 - Level 13.5(14.0) Long Blades
 - Level 2.0 Throwing
 + Level 6.7 Armour
 + Level 10.6 Dodging
 + Level 13.6 Shields
 - Level 2.0 Spellcasting
 - Level 5.0 Summonings
 + Level 4.7 Evocations


You had 12 spell levels left.
You knew the following spells:

 Your Spells              Type           Power        Failure   Level  Hunger
a - Summon Small Mammal   Summ           ##..         10%         1    ##.....
b - Call Imp              Summ           ##......     14%         2    ###....
c - Call Canine Familiar  Summ           ##......     28%         3    ####...

Your spell library contained the following spells:

 Spells                   Type           Power        Failure   Level  Hunger
 Freeze                   Ice            #...         58%         1    ##.....
 Magic Dart               Conj           #...         58%         1    ##.....
 Sting                    Tmut/Pois      #...         58%         1    ##.....
 Summon Guardian Golem    Hex/Summ       #.......     63%         3    ####...
 Poisonous Vapours        Pois/Air       #.....       75%         2    ###....
 Searing Ray              Conj           #.....       75%         2    ###....
 Dazzling Flash           Conj/Hex       #.....       92%         3    ####...
 Frozen Ramparts          Ice            #.....       92%         3    ####...
 Ignite Poison            Fire/Tmut/Pois #.......     92%         3    ####...
 Mephitic Cloud           Conj/Pois/Air  #.......     92%         3    ####...
 Ozocubu's Armour         Chrm/Ice       #.......     92%         3    ####...
 Summon Ice Beast         Ice/Summ       #.......     95%         4    #####..
 Summon Lightning Spire   Summ/Air       #.......     95%         4    #####..
 Aura of Abjuration       Summ           ##........   95%         5    ######.
 Fulminant Prism          Conj/Hex       #.........   100%        4    #####..
 Hailstorm                Conj/Ice       #.......     100%        4    #####..
 Iskenderun's Mystic Bla  Conj/Tloc      #.......     100%        4    #####..
 Olgreb's Toxic Radiance  Pois           #.......     100%        4    #####..
 Excruciating Wounds      Chrm/Necr      #.........   100%        5    ######.


Dungeon Overview and Level Annotations

Branches:
Dungeon (12/15)            Temple (0/1) D:5            Lair (6/6) D:8
 Shoals (1/4) Lair:3       Spider (0/4) Lair:4        Slime (0/5) Lair:6
    Orc (2/2) D:10            Elf (0/3) Orc:2         IceCv (visited)

Shops:
D:7 ?   D:8 =   D:10 ![*?   D:12 *   Orc:2 }(*?[*[=

Portals:
Trove: D:11 (give +5 demon blade)

Annotations:
D:6 2 runed translucent doors
D:7 3 runed translucent doors, patan's ghost, novice TrBe


Innate Abilities, Weirdness & Mutations

You have an increased reservoir of magic. (+10% MP)
Your muscles are strong. (Str +2)
You expend magic power (3 MP) to strengthen your wands.


Message History

The snapping turtle barely misses you.
The merfolk siren chants a haunting song.
You resist with almost no effort. You block the sea snake's attack.
SHROANNG!
Okay, then.
Unknown command.
Okay, then.
Unknown command.
Unknown command.
You feel yourself speed up.
* * * LOW HITPOINT WARNING * * *
Your lungs strain for air!
You block the water elemental's attack.
GONNNNG!
You block the sea snake's attack.
BOUMMMMG!
You block the merfolk siren's attack.
GONNNNG!
The snapping turtle closely misses you. The water elemental hits you!
You die...

.....♣........P###.##P..####.# #
..♣♣♣♣........P.....#........####
...♣♣........................#..#
..............................#..
.................###.....#######.
.............^.#######.#.## ##
..................####†#..#######
..............mStE..#............
................@................
.........#....#).......#.........
........>.#..###...##.####...#..#
..P#P....#..##....#######.....###
..##......#.#.....# ###....<...P#
.###....#.....#..####..........##
.###...#####P##.####..........P.#
#.##P...# #######...............
###P...## ####..#....#..###...


You could see a sea snake, a snapping turtle, a water elemental and a merfolk
siren.

Vanquished Creatures
  A frost giant (IceCv)
  An orc warlord (Orc:2)
  Nessos (Lair:5)
  2 entropy weavers (Lair:4)
  An ettin (Orc:2)
  Josephine (Lair:5)
  Harold (D:7)
  6 hydras
  Erica (D:8)
  A merfolk aquamancer (Shoals:1)
  A queen ant (Lair:4)
  6 death yaks (Lair:6)
  4 two-headed ogres
  Urug (Orc:1)
  An orc high priest (Orc:2)
  3 sea snakes (Lair:3)
  Pikel (D:7)
  7 harpies
  3 orc knights (Orc:1)
  4 ugly things
  2 cyclopes (D:11)
  2 manticores
  An orb spider (Lair:4)
  3 orc sorcerers (Orc:2)
  12 elephants
  A water nymph (Shoals:1)
  2 ice statues (IceCv)
  6 black mambas
  A merfolk siren (Lair:3)
  9 spiny frogs
  A rime drake (Lair:3)
  A merfolk (D:12)
  6 komodo dragons
  A queen bee (Lair:2)
  16 polar bears
  5 trolls
  5 hornets
  A wind drake (Lair:3)
  Prince Ribbit (D:7)
  9 hippogriffs
  3 slime creatures
  9 blink frogs
  3 dream sheep
  11 spriggans (Lair:6)
  2 water elementals
  43 yaks
  3 wraiths (Lair:4)
  A vampire (D:12)
  3 wyverns
  A basilisk (Lair:3)
  2 hungry ghosts
  4 vampire mosquitoes (D:10)
  4 wargs (Orc:1)
  Menkaure (D:7)
  Edmund (D:4)
  An acid dragon (D:6)
  21 soldier ants (Lair:4)
  5 porcupines
  9 water moccasins
  Duvessa (D:5)
  22 orc warriors
  A hornet zombie (D:11)
  A slave (D:6)
  4 sky beasts
  10 black bears
  4 boggarts (Lair:6)
  53 wolves
  3 phantoms
  12 ogres
  9 centaurs
  9 crocodiles
  2 big kobolds
  13 bullfrogs
  Dowan (D:5)
  A wyvern skeleton (D:8)
  6 scorpions
  A water moccasin skeleton (D:9)
  32 killer bees
  2 electric eels
  5 wights
  7 howler monkeys
  4 crimson imps
  2 bullfrog zombies
  A bullfrog skeleton (D:12)
  2 centaur skeletons
  2 gnoll shamans
  14 hounds
  7 jellies
  14 orc priests
  30 orc wizards
  8 iguanas
  29 worker ants
  A killer bee zombie (D:9)
  3 hound zombies
  A hound skeleton (D:6)
  A worker ant zombie (D:5)
  15 adders
  8 gnolls
  A howler monkey skeleton (D:4)
  A shadow imp (D:12)
  12 white imps (Lair:6)
  4 oozes
  2 adder zombies (D:9)
  2 adder skeletons
  3 worms
  2 dart slugs
  8 leopard geckos
  77 orcs
  5 giant cockroaches
  8 goblins
  8 hobgoblins
  3 jackals (D:7)
  7 quokkas
  2 ball pythons
  A ball python skeleton (D:5)
  7 bats
  4 frilled lizards
  11 kobolds
  A leopard gecko skeleton (D:7)
  3 leopard gecko zombies
  8 rats
  A bush (D:8)
  A plant (Shoals:1)
782 creatures vanquished.

Vanquished Creatures (collateral kills)
  A yak (Lair:3)
1 creature vanquished.

Vanquished Creatures (others)
  A yak (Lair:6)
  4 wolves (Lair:6)
  A centaur (Shoals:1)
  A killer bee (D:7)
  A jelly (Lair:6)
  An orc (D:11)
  A bush (Lair:3)
  10 fungi
  15 plants
  4 toadstools (D:1)
39 creatures vanquished.

Grand Total: 822 creatures vanquished

Notes
Turn   | Place    | Note
-------+----------+-------------------------------------------
     0 | D:1      | Drachen the Demigod Gladiator began the quest for the Orb.
     0 | D:1      | Reached XP level 1. HP: 17/17 MP: 3/3
   152 | D:1      | Found a shattered altar of Ashenzari.
   246 | D:1      | Reached XP level 2. HP: 17/24 MP: 4/4
   674 | D:1      | Reached skill level 1 in Armour
  1351 | D:2      | Reached XP level 3. HP: 21/29 MP: 5/5
  1964 | D:3      | Found a faded altar of an unknown god.
  2452 | D:3      | Reached XP level 4. HP: 36/36 MP: 6/6
  2614 | D:3      | Found a white marble altar of Elyvilon.
  2863 | D:4      | Reached XP level 5. HP: 41/41 MP: 7/7
  3441 | D:4      | Found an ancient bone altar of Kikubaaqudgha.
  3639 | D:4      | Noticed Edmund
  3673 | D:4      | Killed Edmund
  3673 | D:4      | Reached XP level 6. HP: 11/48 MP: 8/8
  3697 | D:4      | HP: 2/48 [poisoned by an adder]
  4099 | D:5      | Entered Level 5 of the Dungeon
  4354 | D:5      | Reached skill level 5 in Short Blades
  4526 | D:4      | Reached skill level 5 in Dodging
  4644 | D:5      | Reached XP level 7. HP: 40/55 MP: 9/9
  4676 | D:5      | HP: 1/55 [ogre/+0 giant club (14)]
  5042 | D:5      | Found a staircase to the Ecumenical Temple.
  5900 | D:6      | Noticed Duvessa
  5900 | D:6      | Noticed Dowan
  5941 | D:5      | Killed Duvessa
  5945 | D:5      | Killed Dowan
  6066 | D:6      | Reached XP level 8. HP: 66/66 MP: 10/10
  6524 | D:6      | Found a large runed translucent door.
  6524 | D:6      | Found a large runed translucent door.
  6536 | D:6      | Reached skill level 5 in Armour
  6808 | D:6      | Noticed a cyan ugly thing
  6814 | D:6      | Found a large runed translucent door.
  6814 | D:6      | Found a large runed translucent door.
  6893 | D:6      | Reached skill level 5 in Fighting
  7575 | D:6      | Killed a cyan ugly thing
  7575 | D:6      | Reached XP level 9. HP: 32/74 MP: 11/11
  7851 | D:7      | Noticed Pikel
  7996 | D:7      | Found a runed translucent gate.
  7996 | D:7      | Found a runed translucent gate.
  7997 | D:7      | Found a runed translucent gate.
  7999 | D:7      | Noticed patan's ghost (novice TrBe)
  8002 | D:7      | Found a roughly hewn altar of Beogh.
  8234 | D:7      | Killed Pikel
  8234 | D:7      | Reached skill level 1 in Shields
  8801 | D:7      | Found Acihatyo's Magic Scroll Boutique.
  8809 | D:7      | Bought a scroll of blinking for 97 gold pieces
  8846 | D:7      | Noticed Menkaure
  9389 | D:7      | Killed Menkaure
  9474 | D:7      | Paralysed by a hornet for 2 turns
 10081 | D:7      | Learned a level 1 spell: Summon Small Mammal
 10084 | D:7      | Learned a level 2 spell: Call Imp
 10088 | D:7      | Learned a level 3 spell: Call Canine Familiar
 10125 | D:8      | Noticed Erica
 10163 | D:8      | Killed Erica
 10163 | D:8      | Reached skill level 1 in Spellcasting
 10163 | D:8      | Reached skill level 1 in Summonings
 10163 | D:8      | Reached XP level 10. HP: 71/84 MP: 11/14
 10244 | D:8      | Found a staircase to the Lair.
 10273 | D:8      | Noticed Harold
 10647 | D:8      | Noticed Prince Ribbit
 10666 | D:7      | Killed Prince Ribbit
 10879 | D:8      | Reached skill level 1 in Long Blades
 11135 | D:8      | Found Yxisoy's Jewellery Emporium.
 11265 | D:7      | Killed Harold
 13019 | D:9      | Found an iron altar of Okawaru.
 13398 | D:10     | Entered Level 10 of the Dungeon
 13431 | D:10     | Noticed a two-headed ogre
 13455 | D:9      | Killed a two-headed ogre
 13455 | D:9      | Reached skill level 10 in Dodging
 13455 | D:9      | Reached XP level 11. HP: 88/92 MP: 17/17
 13590 | D:10     | Reached skill level 5 in Summonings
 13624 | D:10     | Reached skill level 5 in Long Blades
 13683 | D:10     | Found Tukky's Armour Emporium.
 13704 | D:10     | Bought a scarf of repulsion for 168 gold pieces
 13733 | D:10     | You fall into a shaft and drop 2 floors!
 13735 | D:12     | Found Vosch's Mayhem Merchandise.
 13742 | D:12     | Found the +18 shield of the Gong {rElec rN+ MR+ EV-5}
 14090 | D:11     | Found a portal to a secret trove of treasure.
 14101 | D:11     | Noticed a two-headed ogre
 14123 | D:11     | Killed a two-headed ogre
 14177 | D:11     | Noticed a two-headed ogre
 14179 | D:11     | Reached skill level 5 in Shields
 14312 | D:11     | Killed a two-headed ogre
 15061 | D:10     | Found Atruneir's Magic Scroll Shop.
 15117 | D:10     | Found Ynlumung's Assorted Antiques.
 15201 | D:10     | Found Baich's Distillery.
 15209 | D:10     | Bought a potion of mutation for 120 gold pieces
 15209 | D:10     | Gained mutation: Your body sometimes deteriorates upon
                  | taking damage. [potion of mutation]
 15209 | D:10     | Gained mutation: You are surrounded by a mild repulsion
                  | field. (EV +2) [potion of mutation]
 15221 | D:10     | Bought a potion of mutation for 120 gold pieces
 15221 | D:10     | Lost mutation: Your body sometimes deteriorates upon taking
                  | damage. [potion of mutation]
 15221 | D:10     | Lost mutation: You are surrounded by a mild repulsion
                  | field. (EV +2) [potion of mutation]
 15221 | D:10     | Gained mutation: Your muscles are strong. (Str +2) [potion
                  | of mutation]
 15221 | D:10     | Gained mutation: You expend magic power (3 MP) to
                  | strengthen your wands. [potion of mutation]
 15222 | D:10     | Bought 2 potions of heal wounds for 150 gold pieces
 15503 | D:10     | Found a staircase to the Orcish Mines.
 15957 | D:12     | Found a shimmering altar of Xom.
 15962 | D:12     | Found a shimmering altar of Xom.
 15962 | D:12     | Found a shimmering altar of Xom.
 16191 | D:12     | Reached skill level 1 in Evocations
 16245 | D:12     | Noticed a swamp dragon
 16245 | D:12     | a jumping spider changed into a swamp dragon
 16256 | D:12     | a swamp dragon changed into a jumping spider
 16259 | D:12     | Noticed a lindwurm
 16259 | D:12     | a jumping spider changed into a lindwurm
 16564 | D:12     | Noticed a sea snake
 16696 | D:12     | Reached XP level 12. HP: 100/100 MP: 18/18
 16914 | Lair:1   | Entered Level 1 of the Lair of Beasts
 16925 | Lair:1   | Noticed a seven-headed hydra
 16939 | Lair:1   | Noticed a six-headed hydra
 16952 | D:8      | Killed a one-headed hydra
 17166 | D:8      | Killed a one-headed hydra
 17505 | Lair:1   | Noticed a four-headed hydra
 17514 | Lair:1   | Killed a one-headed hydra
 18448 | Lair:2   | Reached skill level 10 in Long Blades
 19187 | Lair:2   | Got an ichor-stained war axe
 19188 | Lair:2   | Identified the +11 war axe of Cixtec {protect, rElec Int-3
                  | Stlth+} (You found it on level 2 of the Lair of Beasts)
 19551 | Lair:3   | Noticed a four-headed hydra
 19615 | Lair:2   | Killed a one-headed hydra
 19862 | Lair:3   | Reached skill level 10 in Shields
 19924 | Lair:3   | Reached XP level 13. HP: 94/105 MP: 19/19
 20349 | Lair:3   | Found a staircase to the Shoals.
 20756 | Lair:4   | Found a hole to the Spider Nest.
 20865 | Lair:4   | Noticed an entropy weaver
 20869 | Lair:4   | Noticed an entropy weaver
 20874 | Lair:4   | Killed an entropy weaver
 20912 | Lair:4   | Killed an entropy weaver
 21270 | Lair:4   | Got a bloodstained scale mail
 21281 | Lair:4   | Identified the +6 scale mail "Jarua" {-Tele rElec rCorr
                  | Dex+7} (You found it on level 4 of the Lair of Beasts)
 21424 | Lair:4   | Got a fine leather armour
 21435 | Lair:4   | Identified the +1 leather armour of Boroscho {-Tele rN+
                  | Int+3 Dex+6} (You found it on level 4 of the Lair of
                  | Beasts)
 21785 | Lair:5   | Noticed Nessos
 21791 | Lair:5   | Noticed Josephine
 21803 | Lair:5   | Killed Nessos
 21819 | Lair:5   | Killed Josephine
 22479 | Lair:6   | Entered Level 6 of the Lair of Beasts
 22488 | Lair:6   | Found a frozen archway.
 22497 | IceCv    | Entered an ice cave
 22862 | IceCv    | Noticed a frost giant
 22892 | IceCv    | Killed a frost giant
 23436 | Lair:5   | Reached XP level 14. HP: 76/113 MP: 20/20
 23543 | Lair:6   | Paralysed by a hornet for 3 turns
 23764 | Lair:6   | Paralysed by a hornet for 1 turns
 24388 | Lair:6   | Identified Etyimn's Handbook of Creative Black Secrets
 24617 | Lair:6   | Found a staircase to the Slime Pits.
 24825 | Orc:1    | Entered Level 1 of the Orcish Mines
 25121 | Orc:2    | Entered Level 2 of the Orcish Mines
 25139 | Orc:2    | Noticed Urug
 25163 | Orc:1    | Killed Urug
 25703 | Orc:2    | Found a roughly hewn altar of Beogh.
 26212 | Orc:2    | Noticed an orc warlord
 26231 | Orc:2    | Killed an orc warlord
 26238 | Orc:2    | Found Dyadomeru's General Store.
 26250 | Orc:2    | Found Azowa's Jewellery Boutique.
 26299 | Orc:2    | Found Luifef's Antique Weapon Boutique.
 26311 | Orc:2    | Found Bozasym's Armour Shop.
 26357 | Orc:2    | Found a staircase to the Elven Halls.
 26494 | Orc:2    | Found Nazuica's Gadget Shop.
 26553 | Orc:2    | Found Wimmuduw's Antique Armour Boutique.
 26559 | Orc:2    | Bought a pitted chain mail for 351 gold pieces
 26559 | Orc:2    | Bought a pair of ichor-stained boots for 351 gold pieces
 26559 | Orc:2    | Identified the cursed +1 chain mail of Hev Bumuqao {Int+3
                  | Stlth+} (You bought it in a shop on level 2 of the Orcish
                  | Mines)
 26560 | Orc:2    | Identified the +1 pair of boots "Wacugh" {+Blink MR+ Int+2
                  | Dex+6} (You bought it in a shop on level 2 of the Orcish
                  | Mines)
 26662 | Orc:2    | Found Eroyc's General Store.
 26669 | Orc:2    | Found Raewubext's Magic Scroll Shoppe.
 26670 | Orc:2    | Bought a scroll of enchant weapon for 112 gold pieces
 26670 | Orc:2    | Bought a potion of berserk rage for 75 gold pieces
 26670 | Orc:2    | Bought a potion of haste for 150 gold pieces
 26679 | Orc:2    | Bought a scroll of magic mapping for 52 gold pieces
 27027 | Shoals:1 | Entered Level 1 of the Shoals
 27364 | Lair:3   | Reached XP level 15. HP: 36/118 MP: 22/22
 27370 | Lair:3   | Slain by a water elemental

Illustrated notes

Levels and vault maps discovered:
D:1:      ldierk_water_garden, layout_loops_ring, ashenzari_altar_1
D:2:      layout_loops_ring, first_ration
D:3:      layout_loops_ring, chequers_ecumenical_altar_island, elyvilon_altar_5
D:4:      minmay_inner_zag, layout_loops_ring, kiku_gazebo_garden_becter,
          uniq_edmund
D:5:      layout_cave_pools, minmay_temple_entry_offerings
D:6:      layout_cave_pools, minmay_hollow_rounded_squares, uniq_duvessa
D:7:      minmay_chambers_of_sevens, layout_basic, biasface_ghost_orc_armoury,
          serial_shops, shop, uniq_menkaure, uniq_pikel
D:8:      minmay_four_partial_circles, layout_rooms, dpeg_oklobed_lair,
          serial_shops, shop, minmay_hedge_maze, uniq_harold,
          uniq_prince_ribbit1, uniq_erica
D:9:      layout_irregular_city, basic_altar
D:10:     cheibrodos_iron_armory, layout_basic, orc_0_dummy, serial_shops,
          nicolae_shop_stone, nicolae_shop_trees, nicolae_shop_trees,
          kennysheep_mini
D:11:     layout_basic, enter_trove_1
D:12:     layout_cave_pods, hangedman_fish_farm, mrwooster_statue_mirror,
          minmay_shop_mayhem, st_stairs_7, xom_shifter_show
Lair:1:   beast_lair_carwin_large_4, layout_gridlike, st_stairs_12
Lair:2:   layout_cave_pods, special_room [special_room_bee],
          cheibrodos_lair_lostbears, serial_bayou_shore_a
Lair:3:   layout_concentric_octagons, minmay_shoals_entry_beasts,
          nicolae_lair_grove_arrangements, lemuel_fruit_fields
Lair:4:   layout_roguey, nicolae_spider_entry_orb_guardian, minivault_29,
          infiniplex_staircase_pool, grunt_megastairs_5
Lair:5:   layout_big_grid, lemuel_fruit_tree, uniq_josephine, uniq_nessos
Lair:6:   minmay_lair_end_enchanted_forest, layout_gridlike,
          nicolae_slime_entry_slimehenge, lightli_volcano_entry_magma_tube,
          portal_ice_cave_entry_imps, serial_bayou_shore_b
Shoals:1: layout_shoals
Orc:1:    layout_caves
Orc:2:    grunt_orc_cross, layout_caves, serial_shops, shop, shop, shop,
          nicolae_shop_statue_plus

Skill      XL: |  1  2  3  4  5  6  7  8  9 10 11 12 13 14 |
---------------+-------------------------------------------+-----
Fighting       | 2 3 5 6 7 |  7.0
Throwing       | 2 |  2.0
Short Blades   | 3 4 5 6 |  6.0
Armour         | 1 2 3 4 5 6 |  6.7
Dodging        | 3 4 5 6 8 9 10 | 10.6
Shields        | 4 7 10 12 13 | 13.6
Spellcasting   | 1 2 |  2.0
Summonings     | 1 4 5 |  5.0
Long Blades    | 4 8 10 12 13 | 13.5
Evocations     | 2 3 4 |  4.7

Action                   |  1- 3 |  4- 6 |  7- 9 | 10-12 | 13-15 || total
-------------------------+-------+-------+-------+-------+-------++-------
Melee: Rapier            |    85 |    36 |    28 |       |       ||   149
       Dagger            |    73 |   339 |   705 |    13 |       ||  1130
       Scimitar          |       |       |       |  1031 |  1502 ||  2533
       Falchion          |       |       |       |    73 |    26 ||    99
       War axe           |       |       |       |    28 |    13 ||    41
Throw: Javelin           |       |     6 |     9 |    12 |     9 ||    36
       Throwing net      |       |     3 |     3 |       |       ||     6
       Dart              |       |       |     2 |     2 |       ||     4
       Boomerang         |       |       |       |     1 |       ||     1
 Cast: Summon Small Mamm |       |       |       |     4 |       ||     4
       Call Canine Famil |       |       |       |       |     1 ||     1
Evoke: Wand              |       |       |     7 |     5 |     6 ||    18
       Lightning rod     |       |       |       |     4 |     6 ||    10
  Use: Scroll            |     2 |     1 |    11 |     8 |     8 ||    30
       Potion            |       |     8 |     2 |     6 |    14 ||    30
 Stab: Sleeping          |     2 |       |     4 |     1 |     8 ||    15
       Held in net/web   |       |     3 |     3 |       |       ||     6
       Distracted        |       |       |     3 |     1 |       ||     4
       Paralysed         |       |       |     1 |     3 |       ||     4
       Invisible         |       |       |       |       |    26 ||    26
  Eat: Chunk             |     5 |     3 |    12 |    21 |    23 ||    64
       Ration            |       |     1 |     2 |     4 |     1 ||     8
Armor: Leather armour    |    19 |       |    37 |   188 |    14 ||   258
       Ring mail         |    24 |   106 |    27 |       |       ||   157
       Scale mail        |       |       |    91 |       |   182 ||   273
       Skin              |       |       |       |     2 |       ||     2
Dodge: Dodged            |    98 |   171 |   360 |   658 |   411 ||  1698
       Repelled          |       |       |       |     4 |    13 ||    17
Block: Buckler           |       |       |    57 |    96 |       ||   153
       Kite shield       |       |       |       |  1382 |  2191 ||  3573
       Rpst.: Scimitar   |       |       |       |   143 |    68 ||   211
       Falchion          |       |       |       |    19 |     3 ||    22
